 Dungeon Crawl Stone Soup version 0.25.0-46-gbd7b0854d2 (webtiles) character file.

Game seed: 228879540600047283

126 Milting the Changer (level 5, -2/33 HPs)
             Began as an Octopode Transmuter on July 13, 2020.
             Slain by Crazy Yiuf
             ... wielding a +3 quarterstaff of chaos
              (8 damage)
             ... on level 2 of the Dungeon.
             The game lasted 00:09:49 (2787 turns).

Milting the Changer (Octopode Transmuter)           Turns: 2787, Time: 00:09:49

Health: -2/33      AC:  1    Str: 10    XL:     5   Next: 9%
Magic:  2/10       EV: 13    Int: 16    God:
Gold:   153        SH:  0    Dex: 12    Spells: 7/10 levels left

rFire    . . .     SeeInvis .     - Unarmed
rCold    . . .     Gourm    .   (no shield)
rNeg     . . .     Faith    .   (helmet restricted)
rPois    .         Spirit   .   (no amulet)
rElec    .         Reflect  .   (no ring)
rCorr    .         Harm     .   (no ring)
MR       .....                  (no ring)
Stlth    ++........             (no ring)
HPRegen  0.11/turn              (no ring)
MPRegen  0.12/turn              (no ring)
                                (no ring)
                                (no ring)

@: starving
A: almost no armour, stealthy swim, amphibious, 8 rings, constrict 8, camouflage
1, gelatinous body 1
a: no special abilities


You were on level 2 of the Dungeon.
You were starving.

You visited 1 branch of the dungeon, and saw 2 of its levels.

You collected 153 gold pieces.

Inventory:

Missiles
 a - 19 arrows
 d - a stone
 e - 49 bolts
 l - 16 boomerangs (quivered)
Scrolls
 b - a scroll of fog {unknown}
 f - a scroll of identify {unknown}
 g - a scroll of blinking {unknown}
 h - a scroll of fear {unknown}
 o - a scroll of noise {unknown}
Potions
 i - a potion of invisibility {unknown}
 j - 2 potions of curing {unknown}
 k - a potion of resistance {unknown}
 m - 2 potions of brilliance {unknown}
 n - a potion of degeneration {unknown}
Comestibles
 c - 4 rations


   Skills:
 - Level 1.0 Fighting
 - Level 2.0 Dodging
 - Level 0.4 Stealth
 - Level 3.4 Unarmed Combat
 + Level 3.3 Spellcasting
 + Level 3.6 Transmutations


You had 7 spell levels left.
You knew the following spells:

 Your Spells              Type           Power        Failure   Level  Hunger
a - Beastly Appendage     Tmut           ##....       4%          1    None
b - Sticks to Snakes      Tmut           ##......     6%          2    ##.....

Your spell library contained the following spells:

 Spells                   Type           Power        Failure   Level  Hunger
 Spider Form              Tmut/Pois      #.........   26%         3    ###....
 Ice Form                 Ice/Tmut       #.......     65%         4    ####...
 Blade Hands              Tmut           ##........   75%         5    ######.


Dungeon Overview and Level Annotations

Branches:
Dungeon (2/15)

Altars:
Sif Muna

Annotations:
D:2 Crazy Yiuf


Innate Abilities, Weirdness & Mutations

You cannot wear most types of armour.
You are very stealthy in the water. (Stealth+)
You are amphibious.
You can wear up to eight rings at the same time.
You can use your tentacles to constrict eight enemies at once.
Your skin changes colour to match your surroundings (Stealth+).
Your rubbery body absorbs attacks. (AC +1, EV +1)


Message History

You constrict Crazy Yiuf.
You tentacle-slap Crazy Yiuf but do no damage.
Crazy Yiuf is lightly wounded.
You constrict Crazy Yiuf.
Crazy Yiuf hits you with a +3 quarterstaff of chaos.
* * * LOW HITPOINT WARNING * * *
You tentacle-slap Crazy Yiuf.
Crazy Yiuf is heavily wounded.
You constrict Crazy Yiuf. Crazy Yiuf barely misses you.
You tentacle-slap Crazy Yiuf.
Crazy Yiuf is severely wounded.
You constrict Crazy Yiuf.
Crazy Yiuf hits you with a +3 quarterstaff of chaos.
* * * LOW HITPOINT WARNING * * *
You don't have the energy to cast that spell.
You tentacle-slap Crazy Yiuf but do no damage.
Crazy Yiuf is almost dead.
You constrict Crazy Yiuf.
Crazy Yiuf hits you with a +3 quarterstaff of chaos!
You die...

#####
#####...##
#.)......##
#.####....#
######### #.#
#....#
#........
##.# ♣....♣
#.#######
#..# ♣♣...♣
#.# #.##
♣♣@♣♣ #.# #.#
♣♣g♣ #.# #.#
♣.♣♣ #.# #.#
♣♣g♣ #.# #
########.#
♣.♣♣ #.# ###
......##.#
#'# #.# #..
#####.##.#
).. ### #.#
#.# ##.##.#
#.))#
#.###.#####.#
####...#.#
#)..#
#...........#


You could see Crazy Yiuf.

Vanquished Creatures
  4 adders (D:2)
  4 gnolls (D:2)
  An ooze (D:2)
  A dart slug (D:2)
  3 leopard geckos (D:1)
  6 bats
  A giant cockroach (D:2)
  9 goblins
  5 hobgoblins
  A kobold (D:2)
  A ball python (D:1)
  4 frilled lizards (D:1)
  4 rats
44 creatures vanquished.

Notes
Turn   | Place    | Note
-------+----------+-------------------------------------------
     0 | D:1      | Milting the Octopode Transmuter began the quest for the
                  | Orb.
     0 | D:1      | Reached XP level 1. HP: 13/13 MP: 3/3
   298 | D:1      | Reached XP level 2. HP: 16/18 MP: 5/5
  1034 | D:2      | Reached XP level 3. HP: 12/23 MP: 6/6
  1374 | D:2      | Found a shimmering blue altar of Sif Muna.
  1662 | D:2      | Reached XP level 4. HP: 24/28 MP: 6/8
  1670 | D:2      | Learned a level 2 spell: Sticks to Snakes
  2192 | D:2      | Reached XP level 5. HP: 22/33 MP: 7/10
  2597 | D:2      | Found a runed translucent door.
  2598 | D:2      | Noticed Crazy Yiuf
  2787 | D:2      | Slain by Crazy Yiuf

Illustrated notes

Levels and vault maps discovered:
D:1:      tarquinn_simple_flora_water_a, layout_rooms
D:2:      layout_loops_ring, overflow_temple_1_default, uniq_crazy_yiuf_cottage

Skill      XL: |  1  2  3  4 |
---------------+-------------+-----
Transmutations | 3 |  3.6
Spellcasting   | 3 |  3.3
Fighting       | |  1.0
Dodging        | |  2.0
Stealth        | |  0.4
Unarmed Combat | |  3.4

Action                   |  1- 3 |  4- 6 || total
-------------------------+-------+-------++-------
Melee: Unarmed           |    75 |    39 ||   114
       Constrict         |    17 |    13 ||    30
       Tentacles         |     4 |     8 ||    12
       Kick              |     5 |     7 ||    12
       Punch             |       |     2 ||     2
Throw: Boomerang         |    23 |     4 ||    27
 Cast: Beastly Appendage |     6 |     3 ||     9
       Sticks to Snakes  |       |     5 ||     5
 Stab: Sleeping          |     4 |     4 ||     8
  Eat: Chunk             |     2 |     2 ||     4
Armor: Skin              |    12 |     1 ||    13
Dodge: Dodged            |    49 |    14 ||    63
